 Dungeon Crawl Stone Soup version 0.30.1-4-g462c640d31 (webtiles) character file.

Game seed: 7435279809231049350

18 Cheops the Caller (level 2, -2/15 HPs)
             Began as a Tengu Summoner on Sept 7, 2023.
             Slain by a gnoll
             ... wielding a +0 spear
              (3 damage)
             ... on level 1 of the Dungeon.
             The game lasted 00:03:42 (367 turns).

Cheops the Caller (Tengu Summoner)                   Turns: 367, Time: 00:03:43

Health: -2/15      AC:  2    Str:  8    XL:     2   Next: 66%
Magic:  2/6        EV: 12    Int: 15    God:
Gold:   44         SH:  0    Dex: 14    Spells: 2/5 levels left

rFire   . . .        a - +1 mace (heavy)
rCold   . . .        (no shield)
rNeg    . . .        d - +0 robe
rPois   .            (helmet restricted)
rElec   .            (no cloak)
rCorr   .            (no gloves)
SInv    .            (boots unavailable)
Will    .....        (no amulet)
Stlth   ++           (no ring)
HPRegen 0.22/turn    (no ring)
MPRegen 0.10/turn

%: no passive effects
@: very slightly contaminated
A: beak, talons 3
a: no special abilities


You were on level 1 of the Dungeon.
You visited 1 branch of the dungeon, and saw 1 of its levels.

You collected 44 gold pieces.

Inventory:

Hand Weapons
 a - a +1 heavy mace (weapon)
Armour
 d - a +0 robe (worn)
Scrolls
 c - a scroll of torment {unknown}
Potions
 b - a potion of magic
 e - a potion of curing {unknown}


   Skills:
 - Level 2.1 Dodging
 - Level 2.0 Stealth
 - Level 2.0 Spellcasting
 + Level 5.7 Summonings


You had 2 spell levels left.
You knew the following spells:

 Your Spells              Type           Power      Damage    Failure   Level
i - Call Imp              Summ           36%        N/A       3%          2
m - Summon Small Mammal   Summ           72%        N/A       1%          1

Your spell library contained the following spells:

 Spells                   Type           Power      Damage    Failure   Level
 Slow                     Hex            4%         N/A       22%         1
 Call Canine Familiar     Summ           18%        N/A       6%          3
 Summon Guardian Golem    Hex/Summ       10%        N/A       21%         3
 Confusing Touch          Hex            1%         N/A       54%         3
 Vampiric Draining        Necr           1%         2d6       54%         3
 Summon Lightning Spire   Summ/Air       10%        N/A       56%         4


Dungeon Overview and Level Annotations

Branches:
Dungeon (1/15)

Altars:


Innate Abilities, Weirdness & Mutations

You have a beak for a mouth.
You have claws for feet.


Message History

* * * LOW HITPOINT WARNING * * *
The kobold hits something with a +0 dagger.
The ball python closely misses you. The ball python constricts you.
Casting: Summon Small Mammal (safe; 2% risk of failure)
Confirm with . or Enter, or press ? or * to list all spells.
You miscast Call Imp.
You are very lightly contaminated with residual magic.
Nothing appears to happen.
The kobold throws a stone.
The stone hits your cerulean imp.
Your cerulean imp hits the gnoll from afar with a -3 spear.
The ball python bites you.
* * * LOW HITPOINT WARNING * * *
The ball python constricts you.
You barely miss the ball python. Your kick misses the ball python.
The ball python is severely wounded.
The kobold hits your cerulean imp with a +0 dagger.
The ball python bites you but does no damage.
The ball python constricts you.
* * * LOW HITPOINT WARNING * * *
Your cerulean imp hits the gnoll from afar with a -3 spear.
Your quokka bites the gnoll.
The kobold throws a stone.
The stone hits your cerulean imp but does no damage.
The ball python barely misses you. The ball python constricts you.
Your quokka barely misses the gnoll.
Your cerulean imp hits the gnoll from afar with a -3 spear.
You sock the ball python!
You kill the ball python!
Your quokka bites the gnoll but does no damage.
The kobold throws a stone.
The stone hits your cerulean imp.
Your cerulean imp barely misses the gnoll.
Something bites your cerulean imp.
Your cerulean imp dies!
Your cerulean imp disappears in a puff of smoke!
The kobold throws a stone.
The stone barely misses your quokka.
The stone barely misses the gnoll.
The stone hits the hobgoblin.
Your quokka bites the gnoll but does no damage.
The hobgoblin barely misses you.
A ball python comes into view.
The gnoll hits you from afar with a +0 spear.
You die...

#...# #.........
#...###...[..###
#..>..†##.####
#####...##......##
#.......#####....#
#.......# ##.#.#
#.....#.## #.#.##
#........# #.#.(##
#..@.##...####..#..#
##g#####.....##.....
#g# ..##...###.. #r#
.##.(...##. #.######
##.....### #S.....#
#.....# # #......#
#.....### #.r....#
###.##...
#.5.†..##..##.##.##


You could see a gnoll (ally target), a hobgoblin, a ball python and a friendly
quokka (summoned).

Vanquished Creatures
  A dart slug (D:1)
  An endoplasm (D:1)
  2 ball pythons (D:1)
  A rat (D:1)
5 creatures vanquished.

Vanquished Creatures (collateral kills)
  2 dart slugs (D:1)
  An endoplasm (D:1)
  2 giant cockroaches (D:1)
  A hobgoblin (D:1)
  A rat (D:1)
7 creatures vanquished.

Grand Total: 12 creatures vanquished

Notes
Turn   | Place    | Note
-------+----------+-------------------------------------------
     0 | D:1      | Cheops the Tengu Summoner began the quest for the Orb.
     0 | D:1      | Reached XP level 1. HP: 10/10 MP: 4/4
    24 | D:1      | Reached skill level 5 in Summonings
    62 | D:1      | Reached XP level 2. HP: 4/15 MP: 0/6
   118 | D:1      | Learned a level 2 spell: Call Imp
   367 | D:1      | Slain by a gnoll

Illustrated notes

Levels and vault maps discovered:
D:1:      mrwooster_arrival_arrow, layout_rooms

Skill      XL: |  1 |
---------------+----+-----
Summonings     | 5 |  5.7
Dodging        | |  2.1
Stealth        | |  2.0
Spellcasting   | |  2.0

Action                     || total
---------------------------++-------
  Melee: Unarmed           ||    14
         Peck              ||     7
         Mace              ||     4
         Kick              ||     1
   Cast: Summon Small Mamm ||     9
         Call Imp          ||     3
 Armour: Robe              ||     2
  Dodge: Dodged            ||    27
